 Dungeon Crawl Stone Soup version 0.31-a0-1591-g515db51633 (webtiles) character file.

Game seed: 13945332515471726620

246 Flugslaktarn the Apothecary (level 6, -5/36 HPs)
             Began as an Octopode Alchemist on Jan 6, 2024.
             Killed from afar by an orc wizard (9 damage)
             ... with a puff of flame
             ... on level 4 of the Dungeon.
             The game lasted 00:02:51 (1154 turns).

Flugslaktarn the Apothecary (Octopode Alchemist)    Turns: 1154, Time: 00:02:52

Health: -5/36      AC:  1    Str:  7    XL:     6   Next: 11%
Magic:  5/11       EV: 13    Int: 20    God:
Gold:   151        SH:  0    Dex: 12    Spells: 7/12 levels left

rFire   . . .        e - +0 short sword
rCold   . . .        (no shield)
rNeg    . . .        k - +0 hat
rPois   .            g - amulet of faith
rElec   .            (no ring)
rCorr   .            (no ring)
SInv    .            (no ring)
Will    .....        (no ring)
Stlth   +++          (no ring)
HPRegen 0.26/turn    (no ring)
MPRegen 0.12/turn    (no ring)
                     (no ring)

%: faith
@: brilliant
A: almost no armour, amphibious, 8 rings, camouflage 1, gelatinous body 1,
(nimble swimmer 1), tentacles
a: no special abilities


You were on level 4 of the Dungeon.
You visited 1 branch of the dungeon, and saw 4 of its levels.

You collected 151 gold pieces.

Inventory:

Hand Weapons
 e - a +0 short sword (weapon)
   (You took it off a kobold on level 2 of the Dungeon)
Missiles
 c - 6 curare-tipped darts
Armour
 k - a +0 hat (worn)
   (You found it on level 3 of the Dungeon)
Jewellery
 g - an amulet of faith (around mantle)
   (You found it on level 2 of the Dungeon)
Wands
 f - a wand of charming (5)
   (You found it on level 2 of the Dungeon)
Scrolls
 j - a scroll of identify {unknown}
Potions
 a - a potion of magic


   Skills:
 - Level 2.0 Dodging
 - Level 2.6 Stealth
 + Level 3.6 Spellcasting
 - Level 1.0 Conjurations
 * Level 6.2 Alchemy


You had 7 spell levels left.
You knew the following spells:

 Your Spells              Type           Power      Damage    Failure   Level
a - Sting                 Conj/Alch      100%       1d9       3%          1
b - Olgreb's Toxic Radia  Alch           43%        N/A       10%         4

Your spell library contained the following spells:

 Spells                   Type           Power      Damage    Failure   Level
 Mercury Vapours          Alch/Air       48%        N/A       5%          2
 Mephitic Cloud           Conj/Alch/Air  19%        N/A       16%         3
 Momentum Strike          Conj/Tloc      16%        3d8       17%         2
 Blink                    Tloc           10%        N/A       21%         2
 Lesser Beckoning         Tloc           10%        N/A       21%         2
 Sticky Flame             Fire/Alch      24%        2d6       36%         4


Dungeon Overview and Level Annotations

Branches:
Dungeon (4/15)
 Temple: D:4-7

Altars:
Ru
Wu Jian
Zin

Annotations:
D:3 Pargi


Innate Abilities, Weirdness & Mutations

You cannot wear most types of armour.
You are amphibious.
You can wear up to eight rings at the same time.
Your skin changes colour to match your surroundings (Stealth+).
Your rubbery body absorbs attacks. (AC +1, EV +1)
((You are camouflaged when in or above water. (Stealth+)))
You have tentacles for arms and can constrict up to eight enemies at once.


Message History

Casting: Sting (safe; 3% risk of failure)
Confirm with . or Enter, or press ? or * to list all spells.
Aiming: Sting (safe; 3% risk of failure)
Press: ? - help, Shift-Dir - straight line, f - orc priest
Aim: an orc priest, wielding a +0 short sword and wearing a +0 leather armour (wandering, hasn't noticed you, 74% to hit)
The sting hits the orc priest but does no damage.
The orc priest is poisoned.
The orc priest shouts!
An orc comes into view. It is wielding a +0 flail.
Casting: Sting (safe; 3% risk of failure)
Confirm with . or Enter, or press ? or * to list all spells.
Aiming: Sting (safe; 3% risk of failure)
Press: ? - help, Shift-Dir - straight line, f/p - orc priest
Aim: an orc priest, wielding a +0 short sword and wearing a +0 leather armour (poisoned, 74% to hit)
The sting hits the orc priest.
The orc priest looks even sicker.
The orc priest is heavily wounded.
The orc shouts!
Casting: Sting (safe; 3% risk of failure)
Confirm with . or Enter, or press ? or * to list all spells.
You can't see any susceptible monsters within range! (Use Z to cast anyway.)
A hound comes into view.
Casting: Sting (safe; 3% risk of failure)
Confirm with . or Enter, or press ? or * to list all spells.
Aiming: Sting (safe; 3% risk of failure)
Press: ? - help, Shift-Dir - straight line, f/p - orc priest
Aim: an orc priest, wielding a +0 short sword and wearing a +0 leather armour (heavily wounded, very poisoned, 74% to hit)
The sting hits the orc priest but does no damage.
The orc priest looks even sicker.
The orc priest is heavily wounded.
The hound barks!
You hear a shout!
Casting: Sting (safe; 3% risk of failure)
Confirm with . or Enter, or press ? or * to list all spells.
Aiming: Sting (safe; 3% risk of failure)
Press: ? - help, Shift-Dir - straight line, f/p - orc priest
Aim: an orc priest, wielding a +0 short sword and wearing a +0 leather armour (heavily wounded, very poisoned, 74% to hit)
The sting hits the orc priest but does no damage.
The orc priest looks as sick as possible!
The orc priest is heavily wounded.
The orc priest mumbles some strange prayers to Beogh against you.
Pain shoots through your body!
You closely miss the orc priest. Your grab misses the orc priest.
Your squeeze misses the orc priest.
The orc priest is severely wounded.
The orc priest barely misses you.
You barely miss the orc priest. Your grab misses the orc priest.
You squeeze the orc priest, but do no damage.
The orc priest is severely wounded.
You kill the orc priest!
Your Alchemy skill increases to level 6!
You hit the hound. You grab the hound.
The hound is lightly wounded.
You constrict the hound. The hound closely misses you. The hound misses you.
You hit the hound.
The hound is heavily wounded.
You constrict the hound.
An orc wizard comes into view. It is wielding a +0 dagger.
The hound barely misses you.
The orc wizard shouts!
You hit the hound but do no damage.
The hound is heavily wounded.
You constrict the hound.
You hear a shout!
The hound bites you. The hound misses you.
You hit the hound.
The hound is severely wounded.
You constrict the hound.
An orc priest comes into view. It is wielding a +0 short sword.
The orc wizard barely misses you. The hound completely misses you.
You hit the hound.
The hound is almost dead.
You constrict the hound. The hound completely misses you.
The orc wizard casts a spell at you. The magic dart hits you!
The hound barely misses you.
You hit the hound.
You kill the hound!
The orc wizard hits you with a +0 dagger.
An orc comes into view. It is wielding a +0 dagger.
You have reached level 6!
It was a potion of curing.
You feel better. The orc closely misses you. The orc wizard misses you.
Casting: Sting (safe; 3% risk of failure)
Confirm with . or Enter, or press ? or * to list all spells.
Aiming: Sting (safe; 3% risk of failure)
Press: ? - help, Shift-Dir - straight line, f - orc
Aim: an orc, wielding a +0 flail (74% to hit)
The sting misses the orc.
The orc wizard hits you with a +0 dagger.
The orc hits you with a +0 flail.
You hit the orc wizard. You grab the orc wizard.
The orc wizard is lightly wounded.
You constrict the orc wizard.
The orc wizard hits you with a +0 dagger.
The orc hits you with a +0 flail!
* * * LOW HITPOINT WARNING * * *
It was a potion of brilliance.
You feel clever all of a sudden.
You constrict the orc wizard. The orc misses you.
The orc wizard points at you and mumbles some strange words.
The puff of flame hits you!
You die...

... .# .. #.o #.# . #..
... . # #.. #.#.# ##.#..
#.#.# .## ..... ........
#..###.###..#
#..o@oo..#..# .#.
##.#.####.#.#..#####...
.........#............
#.#...................
###.########.#..........
#............)..........#
#........###.........# .#
#........# #.#..)######.#
#........###.#.))#......#


You could see an orc priest, an orc wizard and an orc.

Vanquished Creatures
  A hound (D:4)
  An orc priest (D:4)
  3 orc wizards
  2 gnolls (D:4)
  5 adders
  A dart slug (D:1)
  7 orcs
  3 endoplasms
  A giant cockroach (D:3)
  A goblin (D:3)
  5 hobgoblins
  6 kobolds
  A quokka (D:3)
  A ball python (D:4)
  2 bats (D:3)
  2 frilled lizards (D:3)
  4 rats
46 creatures vanquished.

Notes
Turn   | Place    | Note
-------+----------+-------------------------------------------
     0 | D:1      | Flugslaktarn the Octopode Alchemist began the quest for the
                  | Orb.
     0 | D:1      | Reached XP level 1. HP: 11/11 MP: 3/3
   110 | D:2      | Reached XP level 2. HP: 12/17 MP: 1/5
   126 | D:2      | Reached skill level 4 in Alchemy
   391 | D:3      | Found a glowing silver altar of Zin.
   417 | D:3      | Reached XP level 3. HP: 19/21 MP: 2/6
   449 | D:3      | Noticed Pargi
   698 | D:3      | Reached XP level 4. HP: 23/27 MP: 5/8
   750 | D:3      | Reached skill level 5 in Alchemy
   789 | D:3      | Reached XP level 5. HP: 23/31 MP: 2/9
   793 | D:3      | Found a sacrificial altar of Ru.
   793 | D:3      | Found an ornate altar of the Wu Jian Council.
   867 | D:4      | Learned a level 4 spell: Olgreb's Toxic Radiance
  1145 | D:4      | Reached skill level 6 in Alchemy
  1151 | D:4      | Reached XP level 6. HP: 15/36 MP: 6/11
  1154 | D:4      | Killed from afar by an orc wizard

Illustrated notes

Levels and vault maps discovered:
D:1:      zaba_arrival_water, layout_basic, serial_shops,
          nicolae_shop_behind_doors
D:2:      layout_basic
D:3:      layout_basic, jmf_multi_god_temple, mainiacjoe_overflow_tiny_flanked,
          kennysheep_generic_room_4, uniq_pargi
D:4:      layout_basic, minitemple

Skill      XL: |  1  2  3  4  5 |
---------------+----------------+-----
Alchemy        | 4 5 6 |  6.2
Spellcasting   | 3 |  3.6
Dodging        | |  2.0
Stealth        | |  2.6
Conjurations   | |  1.0

Action                     |  1- 3 |  4- 6 || total
---------------------------+-------+-------++-------
  Melee: Unarmed           |    12 |       ||    12
         Tentacles         |     6 |     7 ||    13
         Constrict         |     5 |    10 ||    15
         Short sword       |    24 |    40 ||    64
   Cast: Sting             |    33 |    41 ||    74
  Evoke: Wand              |     2 |       ||     2
    Use: Potion            |     2 |     2 ||     4
         Scroll            |     4 |       ||     4
   Stab: Sleeping          |       |     1 ||     1
 Armour: Skin              |    23 |    33 ||    56
  Dodge: Dodged            |    37 |    51 ||    88

Table legend: (Time is in decaauts)
 A = Elapsed time spent in this place.
 B = Non-inter-level travel time spent in this place.
 C = Inter-level travel time spent in this place.
 D = Time resting spent in this place.
 E = Time spent auto-exploring this place.
 F = Levels seen in this place.
 G = Mean time per level.
                   A        B        C        D        E       F      G
               +--------+--------+--------+--------+--------+-----+--------+
         Total |   1153 |   1025 |    128 |      0 |    344 |   4 |  288.2 |
       Dungeon |   1153 |   1025 |    128 |      0 |    344 |   4 |  288.2 |
               +--------+--------+--------+--------+--------+-----+--------+

Top non-repeatable levels by time:
     D:3: 676 daAuts
     D:2: 222 daAuts
     D:4: 195 daAuts
     D:1: 58 daAuts
